 Dungeon Crawl Stone Soup version 0.30-a0-6-g7c9e10e132 (webtiles) character file.

Game seed: 3116694337503943929

298 SensoryNuts the Trooper (level 6, -5/66 HPs)
             Began as an Ogre Fighter on Aug 22, 2022.
             Slain by a gnoll
             ... wielding a +0 spear
              (6 damage)
             ... on level 4 of the Dungeon.
             The game lasted 00:06:07 (5246 turns).

SensoryNuts the Trooper (Ogre Fighter)              Turns: 5246, Time: 00:06:07

Health: -5/66      AC:  5    Str: 23    XL:     6   Next: 36%
Magic:  6/6        EV:  9    Int:  9    God:
Gold:   219        SH:  7    Dex:  8    Spells: 5/5 levels left

rFire   . . .      SeeInvis .    j - +1 club
rCold   . . .      Faith    .    c - +0 kite shield
rNeg    . . .      Spirit   .    b - +0 robe
rPois   .          Reflect  .    (helmet restricted)
rElec   .          Harm     .    f - +1 cloak
rCorr   .          Rampage  .    (gloves unavailable)
Will    .....                    (boots unavailable)
Stlth   +.........               (no amulet)
HPRegen 0.21/turn                (no ring)
MPRegen 0.10/turn                (no ring)

@: about to teleport
A: large, unfitting armour, tough skin 1
a: no special abilities


You were on level 4 of the Dungeon.
You visited 1 branch of the dungeon, and saw 4 of its levels.

You collected 219 gold pieces.

Inventory:

Hand Weapons
 j - a +1 club (weapon)
Armour
 b - a +0 robe (worn)
 c - a +0 kite shield (worn)
 f - a +1 cloak (worn)
Jewellery
 o - a ring of magical power
Scrolls
 a - a scroll of acquirement {unknown}
Potions
 l - a potion of mutation


   Skills:
 + Level 5.0 Fighting
 - Level 2.3(3.4) Axes
 * Level 3.4(3.8) Maces & Flails
 + Level 3.6 Dodging
 + Level 0.4 Stealth
 + Level 3.9 Shields


You had 5 spell levels left.
You didn't know any spells.
Your spell library contained the following spells:

 Spells                   Type           Power      Damage    Failure   Level
 Shock                    Conj/Air       0%         1d3       67%         1
 Ensorcelled Hibernation  Hex/Ice        0%         N/A       80%         2
 Passwall                 Tmut/Erth      0%         N/A       80%         2
 Swiftness                Air            0%         N/A       95%         3
 Airstrike                Air            0%         2d(0-16)  100%        4
 Chain Lightning          Conj/Air       0%         N/A       100%        9
 Fire Storm               Conj/Fire      0%         5d1       100%        9
 Shatter                  Erth           0%         3d5*      100%        9


Dungeon Overview and Level Annotations

Branches:
Dungeon (4/15)
 Temple: D:4-7

Altars:
Trog
Xom

Shops:
D:3 (

Annotations:
D:4 1 runed translucent door, Crazy Yiuf


Innate Abilities, Weirdness & Mutations

You are too large for most types of armour.
You have tough skin. (AC +1)


Message History

The gnoll is severely wounded.
The gnoll hits you with a +0 spear. The gnoll hits you with a +0 club.
The gnoll hits you with a +0 spear. You block the gnoll's attack.
You hit the gnoll.
The gnoll is almost dead.
The gnoll hits you with a +0 spear. The gnoll closely misses you.
You barely miss the gnoll.
The gnoll is almost dead.
The gnoll hits you but does no damage. You block the gnoll's attack.
You hit the gnoll but do no damage.
The gnoll is almost dead.
The gnoll hits you with a +0 spear.
* * * LOW HITPOINT WARNING * * *
The gnoll hits you with a +0 club.
* * * LOW HITPOINT WARNING * * *
The gnoll hits you but does no damage. You block the gnoll's attack.
The gnoll attacks as you move away! You block the gnoll's attack.
The gnoll hits you but does no damage.
You hit the gnoll.
You kill the gnoll!
The gnoll hits you with a +0 spear.
* * * LOW HITPOINT WARNING * * *
You barely miss the gnoll.
The gnoll is almost dead.
The gnoll hits you with a +0 spear!
* * * LOW HITPOINT WARNING * * *
The gnoll hits you with a +0 club.
* * * LOW HITPOINT WARNING * * *
Unknown command.
Okay, then.
Really read the scroll of immolation?
As you read the scroll of immolation, it crumbles to dust.
The creatures around you are filled with an inner flame!
The gnoll closely misses you. The gnoll hits you with a +0 club.
* * * LOW HITPOINT WARNING * * *
As you read the scroll of teleportation, it crumbles to dust.
You feel strangely unstable. You block the gnoll's attack.
The gnoll barely misses you. The gnoll attacks as you move away!
The gnoll hits you with a +0 spear.
You die...

... ##.#.##### # #.### #
##### # .... #...# # ...
.....# #...# # .. #....#
#...### #. #....#
#...'.. #.## #....#
#...### #gg# #....#
#...### #######@###....#
#...##. #........##....#
###†##. #..............#
#.... #........##....#
#..## #.......)##....###
#..#
#........##......###.##
#........#######..##.###
########## #.>......
#........


You could see 2 gnolls.

Vanquished Creatures
  A necrophage (D:4)
  4 crimson imps (D:3)
  A gnoll (D:4)
  An adder (D:2)
  A worm (D:4)
  3 dart slugs
  8 bats
  5 endoplasms
  4 giant cockroaches
  7 goblins
  9 hobgoblins
  5 jackals (D:3)
  4 quokkas
  3 ball pythons (D:2)
  2 frilled lizards
  9 kobolds
  4 rats
71 creatures vanquished.

Notes
Turn   | Place    | Note
-------+----------+-------------------------------------------
     0 | D:1      | SensoryNuts the Ogre Fighter began the quest for the Orb.
     0 | D:1      | Reached XP level 1. HP: 24/24 MP: 1/1
   214 | D:1      | Reached XP level 2. HP: 27/32 MP: 2/2
   733 | D:1      | Found a faded altar of an unknown god.
   772 | D:1      | Reached XP level 3. HP: 38/40 MP: 3/3
  1482 | D:2      | Reached skill level 1 in Maces & Flails
  1925 | D:2      | Found a bloodstained altar of Trog.
  1950 | D:2      | Reached XP level 4. HP: 48/49 MP: 4/4
  2739 | D:3      | Found Raczeq's Weapon Emporium.
  2887 | D:3      | Found a shimmering altar of Xom.
  3045 | D:3      | HP: 1/49 [crimson imp (2)]
  3046 | D:3      | Gained mutation: You possess an exceptional clarity of
                  | mind. [potion of mutation]
  3046 | D:3      | Lost mutation: You possess an exceptional clarity of mind.
                  | [potion of mutation]
  3071 | D:3      | Reached XP level 5. HP: 16/55 MP: 5/5
  4565 | D:4      | Found a runed translucent door.
  4566 | D:4      | Noticed Crazy Yiuf
  4836 | D:4      | Reached skill level 5 in Fighting
  4836 | D:4      | Reached XP level 6. HP: 37/66 MP: 6/6
  5243 | D:4      | HP: 3/66 [gnoll/+0 club (1)]
  5244 | D:4      | HP: 1/66 [gnoll/+0 club (3)]
  5246 | D:4      | Slain by a gnoll

Illustrated notes

Levels and vault maps discovered:
D:1:      dpeg_arrival_rooms_c, layout_loops_ring,
          hellmonk_ecumenical_altar_heavens_door, minmay_misc_feat_tiny
D:2:      layout_basic, basic_altar, amcnicky_mini_pool_small,
          kennysheep_generic_room_5
D:3:      layout_loops_corners, led_xom_imps, serial_shops,
          nicolae_shop_waterfront
D:4:      layout_basic, uniq_crazy_yiuf_cottage

Skill      XL: |  1  2  3  4  5 |
---------------+----------------+-----
Dodging        | 3 |  3.6
Maces & Flails | 1 2 3 |  3.4
Fighting       | 5 |  5.0
Axes           | |  2.3
Stealth        | |  0.4
Shields        | |  3.9

Action                   |  1- 3 |  4- 6 || total
-------------------------+-------+-------++-------
Melee: War axe           |    38 |       ||    38
       Club              |    89 |   470 ||   559
  Use: Potion            |       |    10 ||    10
       Scroll            |       |    11 ||    11
Armor: Robe              |    46 |   121 ||   167
Dodge: Dodged            |    68 |   170 ||   238
Block: Kite shield       |    45 |   167 ||   212

Table legend: (Time is in decaauts)
 A = Elapsed time spent in this place.
 B = Non-inter-level travel time spent in this place.
 C = Inter-level travel time spent in this place.
 D = Time resting spent in this place.
 E = Time spent auto-exploring this place.
 F = Levels seen in this place.
 G = Mean time per level.
                   A        B        C        D        E       F      G
               +--------+--------+--------+--------+--------+-----+--------+
         Total |   5435 |   5218 |    217 |    121 |   3847 |   4 | 1358.8 |
       Dungeon |   5435 |   5218 |    217 |    121 |   3847 |   4 | 1358.8 |
               +--------+--------+--------+--------+--------+-----+--------+

Top non-repeatable levels by time:
     D:3: 2308 daAuts
     D:2: 1422 daAuts
     D:1: 1137 daAuts
     D:4: 566 daAuts
